 Dungeon Crawl Stone Soup version 0.22-a0-515-g75794bf (webtiles) character file.

515 Laiders72 the Skirmisher (level 7, -7/57 HPs)
             Began as a Formicid Fighter on June 19, 2018.
             Was an Initiate of Okawaru.
             Mangled by an orc warrior
             ... wielding a +0 dire flail
              (14 damage)
             ... on level 6 of the Dungeon.
             The game lasted 00:09:09 (4460 turns).

Laiders72 the Skirmisher (Formicid Fighter)         Turns: 4460, Time: 00:09:09

Health: -7/57      AC: 12    Str: 28    XL:     7   Next: 44%
Magic:  7/7        EV:  7    Int:  7    God:    Okawaru [......]
Gold:   271        SH:  0    Dex: 10    Spells: 6/6 levels left

rFire    . . .     SeeInvis +   a - +0 flail
rCold    . . .     Gourm    .   c - +0 shield
rNeg     . . .     Faith    .   u - +0 chain mail
rPois    .         Spirit   .   (helmet unavailable)
rElec    .         Reflect  .   (no cloak)
rCorr    .         Harm     .   r - +0 pair of gloves
MR       +....                  k - +0 pair of boots
Stlth    ..........             j - amulet of the acrobat
HPRegen  0.19/turn              n - ring of protection from magic
MPRegen  0.10/turn              t - +3 ring of slaying

@: confused, mighty
A: permanent stasis, dig shafts and tunnels, four strong arms, antennae 3
a: Dig, Shaft Self, Renounce Religion


You were on level 6 of the Dungeon.
You worshipped Okawaru.
Okawaru was noncommittal.
You were near starving.

You visited 2 branches of the dungeon, and saw 7 of its levels.

You collected 271 gold pieces.

Inventory:

Hand Weapons
 a - a +0 flail (weapon)
 m - a +0 great mace
Armour
 c - a +0 shield (worn)
 k - a +0 pair of boots (worn)
 r - a +0 pair of gloves (worn)
 u - a +0 chain mail (worn)
Jewellery
 j - an amulet of the acrobat (around neck)
 n - a ring of protection from magic (left hand)
 t - a +3 ring of slaying (right hand)
Wands
 q - a wand of iceblast (10)
Scrolls
 e - 2 scrolls of enchant weapon {unknown}
 g - 5 scrolls of remove curse
 h - 2 scrolls of identify
 i - a scroll of magic mapping
 o - a scroll of noise {unknown}
Potions
 b - a potion of cancellation {unknown}
 l - 2 potions of ambrosia
 s - a potion of resistance {unknown}
Comestibles
 f - 12 rations


   Skills:
 * Level 5.7 Fighting
 * Level 4.7 Maces & Flails
 + Level 4.5 Armour
 + Level 5.1 Shields


You had 6 spell levels left.
You didn't know any spells.
Your spell library contained the following spells:

 Spells                   Type           Power        Failure   Level  Hunger
 Magic Dart               Conj           #...         99%         1    ##.....
 Conjure Flame            Conj/Fire      #.......     100%        3    ####...
 Slow                     Hex            #.......     100%        2    ###....
 Mephitic Cloud           Conj/Pois/Air  #.......     100%        3    ####...
 Blink                    Tloc           N/A          100%        2    ###....
 Call Imp                 Summ           #.......     100%        2    ###....


Dungeon Overview and Level Annotations

Branches:
Dungeon (6/15)             Temple (1/1) D:5

Altars:
Cheibriados
Dithmenos
Gozag
Kikubaaqudgha
Okawaru
Qazlal
Ru
Sif Muna
Trog
Uskayaw
Vehumet
Wu Jian
Xom
Yredelemnul
The Shining One
Lugonu


Innate Abilities, Weirdness & Mutations

You cannot be hasted, slowed, berserked, paralysed or teleported.
You can dig through walls and to a lower floor.
Your four strong arms can wield two-handed weapons with a shield.
You have a pair of large antennae on your head. (SInv)


Message History

The orc warrior hits you with a dire flail!
The orc wizard casts a spell at you. The puff of frost hits you!
* * * LOW HITPOINT WARNING * * *
You're too confused to move!
The orc wizard is no longer moving quickly.
The orc wizard barely misses you.
The orc warrior hits you but does no damage.
You closely miss the orc warrior.
The orc warrior is moderately wounded.
The orc wizard hits you but does no damage.
The orc warrior hits you with a dire flail!
* * * LOW HITPOINT WARNING * * *
You barely miss the orc warrior.
The orc warrior is moderately wounded.
The orc wizard gestures at you while chanting.
The puff of flame hits you!
* * * LOW HITPOINT WARNING * * *
The orc warrior hits you with a dire flail!
You die...

.. #.# #..####.#
.......# .....#.#
#.##.#.# # #.##.#.#
#.#####.##.#.#
##.....o......#########
#.....@o.†.............
#.######)########.#####
#.# #.# # .......)# #.#
# ...{.##.# #.# # ##..
..# #.##### #o ..#
#...... #. #..# #######
# #..#


You could see an orc warrior and an orc wizard.

Vanquished Creatures
  A black bear (D:6)
  2 howler monkeys
  2 hounds (D:5)
  2 orc wizards
  2 iguanas (D:4)
  A hound zombie (D:5)
  A hound skeleton (D:4)
  4 adders
  A shadow imp (D:5)
  An ooze (D:1)
  An adder zombie (D:5)
  3 worms (D:2)
  A dart slug (D:1)
  5 leopard geckos
  6 orcs
  4 ball pythons (D:1)
  7 bats
  3 giant cockroaches
  9 goblins
  3 hobgoblins
  9 jackals
  4 quokkas
  6 frilled lizards
  9 kobolds
  6 rats
93 creatures vanquished.

Notes
Turn   | Place    | Note
-------+----------+-------------------------------------------
     0 | D:1      | Laiders72 the Formicid Fighter began the quest for the Orb.
     0 | D:1      | Reached XP level 1. HP: 18/18 MP: 1/1
    44 | D:1      | Reached XP level 2. HP: 21/24 MP: 2/2
   237 | D:1      | Reached XP level 3. HP: 30/30 MP: 3/3
   675 | D:2      | Reached XP level 4. HP: 27/37 MP: 4/4
   849 | D:2      | Found a faded altar of an unknown god.
   975 | D:2      | Found a basalt altar of Yredelemnul.
  1042 | D:2      | Found a stormy altar of Qazlal.
  1128 | D:2      | Found a snail-covered altar of Cheibriados.
  1347 | D:2      | Found an opulent altar of Gozag.
  1950 | D:3      | Reached XP level 5. HP: 39/42 MP: 5/5
  2022 | D:3      | Found a shadowy altar of Dithmenos.
  2946 | D:4      | Reached XP level 6. HP: 35/49 MP: 6/6
  3439 | D:5      | Entered Level 5 of the Dungeon
  3655 | D:5      | Reached skill level 5 in Fighting
  3689 | D:5      | Found a staircase to the Ecumenical Temple.
  3776 | Temple   | Entered the Ecumenical Temple
  3791 | Temple   | Became a worshipper of Warmaster Okawaru
  4056 | D:5      | Found a sacrificial altar of Ru.
  4058 | D:5      | Found a shimmering altar of Xom.
  4059 | D:5      | Found a deep blue altar of Sif Muna.
  4062 | D:5      | Found a glowing golden altar of the Shining One.
  4190 | D:5      | Reached XP level 7. HP: 56/56 MP: 7/7
  4429 | D:6      | Reached skill level 5 in Shields
  4460 | D:6      | Mangled by an orc warrior

Vault maps used:
D:1:      grunt_arrival_crossed_arrows
D:2:      yredelemnul_altar_generic, lemuel_crystal_altar,
          nicolae_overflow_hidden_temple, first_ration,
          chequers_ecumenical_altar_grove, grunt_ministairs_10,
          minmay_misc_feat_nine_boxes
D:3:      grunt_dithmenos_smoke
D:4:      kennysheep_crisscross
D:5:      minitemple, temple_pool_b, minmay_misc_feat_columns
D:6:      minmay_gold_behind_fungi
Temple:   kb_corrupted_temple

Skill      XL: |  1  2  3  4  5  6  7 |
---------------+----------------------+-----
Shields        | 4 5 |  5.1
Fighting       | 4 5 |  5.7
Maces & Flails | 3 4 |  4.7
Armour         | 4 |  4.5

Action                   |  1- 3 |  4- 6 |  7- 9 || total
-------------------------+-------+-------+-------++-------
Melee: Flail             |   103 |   197 |    21 ||   321
  Use: Scroll            |       |     8 |       ||     8
       Potion            |       |       |     2 ||     2
  Eat: Chunk             |       |     9 |     1 ||    10
Armor: Scale mail        |    46 |    69 |       ||   115
       Chain mail        |       |    37 |    13 ||    50
Dodge: Dodged            |    37 |    68 |     7 ||   112
Block: Shield            |    73 |   101 |    14 ||   188

Table legend:
 A = Spawn XP
 B = Non-spawn XP
 C = Spawn XP percentage of total XP
 D = Spawn monster count
 E = Non-spawn monster count
 F = Spawn count percentage of total count
 G = Total turns spent on level
                    A         B        C        D         E        F      G
               +---------+---------+-------+---------+---------+-------+---------
         Total |       0 |     736 |   0.0 |       0 |      93 |   0.0 |  4460
               +---------+---------+-------+---------+---------+-------+---------
           D:1 |       0 |      59 |   0.0 |       0 |      30 |   0.0 |   630
           D:2 |       0 |      66 |   0.0 |       0 |      21 |   0.0 |  1190
           D:3 |       0 |      31 |   0.0 |       0 |      18 |   0.0 |   825
           D:4 |       0 |     203 |   0.0 |       0 |       9 |   0.0 |   794
           D:5 |       0 |     200 |   0.0 |       0 |      11 |   0.0 |   862
           D:6 |       0 |     177 |   0.0 |       0 |       4 |   0.0 |   129
               +---------+---------+-------+---------+---------+-------+---------
